 Dungeon Crawl Stone Soup version 0.23.2-30-g0e89c35649 (webtiles) character file.

Game seed: 18059027494316164129

68 Mrkan the Skirmisher (level 4, -1/49 HPs)
             Began as an Ogre Fighter on June 23, 2019.
             Slain by a goblin
             ... wielding a +0 club
             ... led by Robin
              (2 damage)
             ... on level 2 of the Dungeon.
             The game lasted 00:03:40 (1872 turns).

Mrkan the Skirmisher (Ogre Fighter)                 Turns: 1872, Time: 00:03:40

Health: -1/49      AC:  3    Str: 21    XL:     4   Next: 19%
Magic:  4/4        EV: 14    Int:  9    God:
Gold:   33         SH:  9    Dex: 13    Spells: 3/3 levels left

rFire    . . .     SeeInvis .   a - +0 flail
rCold    . . .     Gourm    .   c - +0 shield
rNeg     . . .     Faith    .   b - +0 robe
rPois    .         Spirit   .   (helmet restricted)
rElec    .         Reflect  .   (no cloak)
rCorr    .         Harm     .   (gloves unavailable)
MR       .....                  (boots unavailable)
Stlth    ++........             (no amulet)
HPRegen  0.16/turn              (no ring)
MPRegen  0.09/turn              (no ring)

@: agile, lethally poisoned (-1 -> -5)
A: large, unfitting armour, tough skin 1
a: no special abilities


You were on level 2 of the Dungeon.
You were not hungry.

You visited 1 branch of the dungeon, and saw 2 of its levels.

You collected 33 gold pieces.

Inventory:

Hand Weapons
 a - a +0 flail (weapon)
Missiles
 h - 66 stones (quivered)
Armour
 b - a +0 robe (worn)
 c - a +0 shield (worn)
Jewellery
 e - an uncursed amulet of the acrobat {unknown}
Scrolls
 i - 2 scrolls of enchant weapon {unknown}
 n - a scroll of identify {unknown}
Potions
 d - a potion of might
 k - a potion of curing {unknown}
 l - a potion of brilliance {unknown}
 m - 2 potions of resistance {unknown}
Comestibles
 f - 2 rations


   Skills:
 + Level 4.7 Fighting
 * Level 3.1 Maces & Flails
 - Level 2.6 Dodging
 + Level 3.2 Shields


You had 3 spell levels left.
You didn't know any spells.
Your spell library was empty.

Dungeon Overview and Level Annotations

Branches:
Dungeon (2/15)

Altars:

Annotations:
D:2 Robin


Innate Abilities, Weirdness & Mutations

You are too large for most types of armour.
You have tough skin. (AC +1)


Message History

Robin is heavily wounded.
The goblin hits you but does no damage. The goblin barely misses you.
Robin hits you with a +2 whip of venom.
* * * LOW HITPOINT WARNING * * *
You are poisoned.
The goblin hits you.
* * * LOW HITPOINT WARNING * * *
All of the chunks of flesh in your inventory have rotted away.
* * * LOW HITPOINT WARNING * * *
You feel sick. You block Robin's attack.
* * * LOW HITPOINT WARNING * * *
You feel sick. Robin throws the goblin at you!
* * * LOW HITPOINT WARNING * * *
You block the goblin's attack.
* * * LOW HITPOINT WARNING * * *
You feel sick. You block the goblin's attack.
It was a potion of agility.
You feel agile all of a sudden. The goblin hits you with a +0 club.
You die...

### #..# #..# ##..##
#....##########
#....#)........
#....#<†.....>.
#)..@#.†....... #
#...gg.g.......
#..###....#.........
#........#......... ..
#####....###########..
##....######.......
...#####........>.........
...........###l........#
...####(#### #K........#


You could see Robin and 2 goblins.

Vanquished Creatures
  An adder (D:2)
  An ooze (D:1)
  4 leopard geckos (D:1)
  A giant cockroach (D:1)
  14 goblins
  5 hobgoblins (D:1)
  4 jackals
  4 kobolds
  5 bats
  A frilled lizard (D:1)
  8 rats (D:1)
48 creatures vanquished.

Notes
Turn   | Place    | Note
-------+----------+-------------------------------------------
     0 | D:1      | Mrkan the Ogre Fighter began the quest for the Orb.
     0 | D:1      | Reached XP level 1. HP: 24/24 MP: 1/1
    67 | D:1      | Reached XP level 2. HP: 19/32 MP: 2/2
   475 | D:1      | Reached XP level 3. HP: 32/40 MP: 3/3
  1154 | D:2      | Noticed Robin
  1419 | D:1      | Reached XP level 4. HP: 22/49 MP: 4/4
  1870 | D:2      | HP: 2/49 [Robin/goblin (3)]
  1872 | D:2      | Slain by a goblin

Skill      XL: |  1  2  3  4 |
---------------+-------------+-----
Maces & Flails | 2 3 |  3.1
Shields        | 3 |  3.2
Fighting       | |  4.7
Dodging        | |  2.6

Action                   |  1- 3 |  4- 6 || total
-------------------------+-------+-------++-------
Melee: Flail             |   147 |    30 ||   177
  Use: Potion            |       |     1 ||     1
  Eat: Chunk             |     2 |     1 ||     3
Armor: Robe              |    56 |    12 ||    68
Dodge: Dodged            |    77 |    25 ||   102
Block: Shield            |    98 |    31 ||   129
